Map: Vigía EE

Players

TATORREA

  • Race: Protoss Protoss
  • League: Silver
  • Spawn Location: 12:00

MrFercho

  • Race: Zerg Zerg
  • League: Silver
  • Spawn Location: 9:00

tigro

  • Race: Terran Terran
  • League: Bronze
  • Spawn Location: 9:00

Battousai - Winner!

  • Race: Zerg Zerg
  • League: Platinum
  • Spawn Location: 5:00

gual - Winner!

  • Race: Protoss Protoss
  • League: Platinum
  • Spawn Location: 5:00

ByeByeBye - Winner!

  • Race: Zerg Zerg
  • League: Silver
  • Spawn Location: 6:00

VOD

Have the link to the VOD?

Description

Time

  • Played on: June 26, 2020, 9:49 p.m.
  • Length: 11:04
Show
View Real Time Build Order
Export as new Build Order

TATORREA Protoss 

Build Orders:  

Get SALT Encoding   

  12  0:01  Probe  
  13  0:15  Probe  
  14  0:27  Probe  
  15  0:29  Pylon  
  15  0:47  Probe  
  16  0:52  Pylon  
  16  1:00  Probe  
  17  1:06  Gateway  
  17  1:12  Probe  
  18  1:24  Probe  
  19  1:29  Gateway  
  19  1:35  Probe  
  19  1:37  Pylon  
  19  1:39  Assimilator  
  20  1:43  Probe  
  20  1:50  Assimilator  
  20  1:51  Probe  
  22  2:17  Gateway, Probe  
  23  2:29  Probe  
  24  2:49  Cybernetics Core  
  24  2:53  Nexus  
  24  2:55  Pylon  
  24  2:56  Zealot  
  24  2:58  Pylon  
  26  2:59  Probe  
  27  3:09  Zealot  
  27  3:11  Probe  
  30  3:23  Probe  
  31  3:30  Warp Gate  
  31  3:34  Stalker  
  31  3:35  Probe  
  34  3:42  Stalker  
  34  3:47  Probe  
  37  3:52  Stalker  
  39  3:59  Probe  
  40  4:07  Probe  
  41  4:13  Probe  
  42  4:19  Probe  
  42  4:23  Assimilator  
  43  4:25  Assimilator, Probe  
  43  4:29  Robotics Facility  
  44  4:31  Probe  
  44  4:37  Probe  
  46  4:44  Probe  
  47  4:49  Probe  
  48  4:56  Probe  
  39  5:07  Probe  
  39  5:08  Probe  
  41  5:19  Probe  
  41  5:20  Probe  
  24  5:31  Probe  
  24  5:32  Probe  
  24  5:33  Stalker  
  24  5:34  Stalker x2  
  32  5:43  Probe  
  32  5:44  Probe  
  34  6:02  Probe  
  34  6:05  Probe  
  34  6:10  Immortal, Probe  
  40  6:17  Probe  
  42  6:19  Stalker  
  42  6:20  Stalker  
  42  6:21  Stalker, Probe  
  49  6:29  Probe  
  50  6:33  Probe  
  51  6:40  Nexus  
  51  6:41  Probe  
  51  6:45  Probe  
  53  6:49  Observer  
  53  6:53  Probe  
  55  6:57  Probe  
  56  7:02  Stalker x2  
  56  7:03  Stalker  
  56  7:05  Probe  
  63  7:09  Probe  
  63  7:11  Immortal  
  68  7:17  Probe  
  68  7:21  Probe  
  45  7:56  Stalker x2  
  45  7:57  Stalker  
  51  8:18  Probe x3  
  54  8:26  Immortal  
  58  8:30  Probe x3  
  61  8:42  Probe  
  62  8:51  Probe  
  62  8:52  Probe  
  62  8:54  Probe  
  65  9:05  Immortal  
  41  9:20  Stalker x3  
  29  9:36  Probe x3  
  32  9:48  Probe x3  
Show
View Real Time Build Order
Export as new Build Order

MrFercho Zerg 

Build Orders: Pool First 

Get SALT Encoding   

  12  0:11  Overlord  
  12  0:31  Drone x3  
  15  0:41  Spawning Pool  
  14  0:44  Drone  
  15  0:59  Drone  
  16  1:17  Hatchery, Drone x2  
  17  1:28  Zergling x2  
  18  1:36  Drone  
  18  1:39  Queen  
  21  1:43  Extractor  
  20  1:47  Overlord  
  20  2:00  Drone  
  21  2:08  Drone  
  22  2:22  Drone  
  23  2:26  Extractor  
  22  2:31  Drone x2  
  22  2:36  Queen  
  24  2:39  Drone  
  24  2:40  Drone  
  27  2:59  Drone x4  
  27  3:04  Metabolic Boost  
  31  3:05  Evolution Chamber  
  31  3:11  Roach Warren  
  31  3:12  Drone  
  30  3:24  Drone x4  
  34  3:33  Zerg Missile Weapons Level 1  
  34  3:39  Zergling x4  
  34  3:41  Overlord  
  36  3:59  Roach x4  
  44  4:04  Lair  
  44  4:06  Overlord x3  
  44  4:25  Roach x5  
  44  4:28  Zergling x2  
  55  5:03  Zergling x16  
  63  5:09  Spore Crawler  
  63  5:11  Spine Crawler  
  47  5:18  Zergling x10  
  47  5:19  Zergling x4  
  52  5:36  Roach x3  
  45  6:08  Roach  
  45  6:09  Roach x5  
  57  6:18  Drone, Spine Crawler  
  57  6:23  Queen  
  59  6:29  Spore Crawler  
  59  6:30  Drone x3  
  59  6:31  Extractor  
  60  6:36  Roach  
  62  7:27  Hydralisk Den  
  61  7:33  Spore Crawler  
  60  7:38  Zergling x2  
  60  7:39  Zergling x14  
  60  7:40  Overlord x2  
  68  7:48  Zerg Missile Weapons Level 2  
  68  7:58  Queen  
  57  8:21  Hydralisk x3  
  57  8:22  Hydralisk x3  
  67  8:41  Drone  
  67  8:42  Drone  
  69  8:49  Hatchery  
  69  8:51  Hatchery  
  69  8:52  Drone x2  
  69  9:00  Drone x2  
  69  9:02  Extractor  
  38  9:27  Hydralisk x2  
  38  9:28  Hydralisk x6  
  54  9:40  Hydralisk x6  
  66  9:55  Hydralisk x3  
  70  10:15  Hydralisk  
  70  10:16  Hydralisk x7  
  78  10:22  Hydralisk  
  78  10:23  Hydralisk x4  
  78  10:25  Overlord  
Show
View Real Time Build Order
Export as new Build Order

tigro Terran 

Build Orders:  

Get SALT Encoding   

  12  0:02  SCV  
  13  0:14  SCV  
  14  0:22  Supply Depot  
  14  0:26  SCV  
  15  0:36  Refinery  
  15  0:43  SCV  
  15  0:49  Barracks  
  16  0:55  SCV  
  17  0:59  Refinery  
  17  1:13  SCV  
  18  1:25  SCV  
  19  1:26  Supply Depot  
  19  1:37  SCV  
  19  1:38  Marine  
  21  1:49  SCV  
  22  1:56  Marine  
  23  2:01  SCV  
  23  2:05  Barracks  
  24  2:13  SCV  
  24  2:14  Marine  
  26  2:28  Orbital Command  
  26  2:32  Marine  
  27  2:38  Engineering Bay  
  27  2:49  Marine  
  28  2:58  Factory  
  28  3:00  Barracks Reactor  
  28  3:14  Terran Infantry Weapons Level 1  
  28  3:16  Barracks Tech Lab  
  28  3:43  Factory Tech Lab  
  28  3:53  Starport  
  28  3:54  Command Center  
  28  4:05  Siege Tank  
  31  4:26  Missile Turret  
  31  4:40  Medivac  
  33  4:47  Combat Shield, Missile Turret  
  33  4:59  Marine x3  
  27  5:09  Terran Infantry Armor Level 1, Missile Turret  
  27  5:10  Medivac  
  29  5:17  Marine x3  
  18  5:34  Marine, Siege Tank  
  18  5:35  Marine  
  15  7:03  SCV  
  16  7:15  SCV  
  17  7:27  SCV  
  18  7:39  SCV  
  20  7:51  SCV  
Show
View Real Time Build Order
Export as new Build Order

Battousai Zerg - Winner!

Build Orders: Hatch First 

Get SALT Encoding   

  12  0:01  Drone  
  13  0:10  Drone  
  14  0:26  Overlord  
  14  0:34  Extractor, Drone  
  14  0:58  Hatchery, Drone  
  14  1:10  Spawning Pool  
  13  1:11  Drone  
  14  1:19  Drone  
  14  1:22  Drone  
  16  1:32  Drone  
  17  1:39  Drone  
  18  1:58  Zergling x4  
  20  2:03  Queen  
  20  2:06  Overlord  
  22  2:09  Queen  
  22  2:11  Zergling x2  
  25  2:18  Metabolic Boost  
  25  2:22  Zergling x2  
  26  2:25  Zergling x2  
  26  2:27  Zergling x2  
  28  2:48  Zergling x6, Drone  
  32  2:53  Baneling Nest  
  31  3:11  Zergling x4  
  34  3:12  Drone  
  34  3:13  Drone  
  35  3:27  Zergling x2  
  35  3:28  Overlord  
  36  3:42  Baneling x7  
  36  3:49  Zergling x4  
  36  3:50  Zergling x6  
  36  3:51  Zergling x6  
  44  4:14  Overlord  
  44  4:22  Overlord  
  44  4:27  Evolution Chamber  
  44  4:30  Roach Warren  
  43  4:34  Spine Crawler  
  43  4:37  Spine Crawler, Drone x4  
  37  5:11  Zergling x8  
  37  5:12  Roach x4  
  46  5:22  Baneling x3  
  38  5:41  Roach x2  
  38  5:42  Roach x3  
  47  5:48  Roach  
  45  6:06  Roach  
  45  6:07  Drone x2  
  49  6:11  Extractor  
  49  6:12  Drone x3  
  49  6:17  Extractor  
  50  6:27  Overlord  
  50  6:28  Overlord  
  50  6:29  Roach  
  50  6:30  Drone  
  53  6:38  Drone x3  
  56  6:53  Drone x4  
  60  7:13  Roach x2  
  60  7:14  Zergling x4  
  66  7:18  Lair  
  66  7:23  Drone x3  
  66  7:25  Drone x3  
  72  7:48  Hatchery  
  63  8:16  Roach x3  
  63  8:17  Roach x6  
  71  8:23  Roach  
  71  8:24  Roach x2  
  65  8:30  Overlord  
  65  8:43  Overlord x2  
  65  8:55  Overlord x2  
  65  9:04  Overlord x2  
  65  9:16  Roach x2  
  65  9:17  Roach x5  
  65  9:25  Roach x2  
  67  9:34  Roach x3  
  73  9:43  Roach x2  
  73  9:44  Glial Reconstitution  
  77  10:11  Roach x3  
  77  10:12  Roach x3  
  77  10:13  Overlord x2  
  77  10:14  Overlord  
  77  10:36  Roach x5  
  77  10:37  Roach x2  
  77  10:38  Zergling x2  
Show
View Real Time Build Order
Export as new Build Order

gual Protoss - Winner!

Build Orders: Oracle Opening 

Get SALT Encoding   

  12  0:02  Probe  
  13  0:14  Probe  
  13  0:19  Pylon  
  14  0:26  Probe  
  15  0:38  Probe  
  16  0:44  Assimilator  
  16  0:50  Probe  
  16  0:55  Gateway  
  17  0:59  Probe  
  17  1:01  Assimilator  
  18  1:07  Probe  
  19  1:17  Probe  
  21  1:40  Probe  
  21  1:45  Cybernetics Core  
  21  1:52  Probe  
  22  2:04  Probe  
  23  2:13  Pylon  
  23  2:31  Probe, Stargate  
  24  2:43  Probe  
  25  2:45  Stargate  
  25  2:55  Probe  
  26  3:03  Nexus  
  26  3:05  Pylon  
  26  3:17  Forge  
  26  3:18  Pylon  
  26  3:19  Oracle  
  29  3:26  Probe  
  30  3:30  Oracle  
  33  3:44  Probe  
  33  3:46  Warp Gate  
  34  3:56  Probe  
  35  4:08  Probe  
  36  4:17  Probe  
  36  4:20  Probe  
  36  4:24  Robotics Facility  
  38  4:26  Probe  
  38  4:29  Probe  
  38  4:30  Assimilator  
  39  4:34  Probe  
  39  4:35  Protoss Ground Weapons Level 1  
  39  4:37  Probe  
  40  4:42  Gateway  
  40  4:43  Pylon x2  
  40  4:44  Probe  
  42  4:47  Probe  
  44  4:56  Probe  
  45  5:05  Oracle  
  48  5:22  Oracle  
  51  5:31  Probe x2  
  53  5:43  Probe  
  54  6:01  Probe x2  
  54  6:03  Immortal  
  60  6:10  Assimilator  
  60  6:13  Probe  
  61  6:24  Gateway, Pylon  
  61  6:27  Protoss Air Weapons Level 1  
  61  6:28  Gateway x2  
  61  6:33  Gateway  
  61  6:34  Pylon  
  61  6:35  Gateway  
  61  6:37  Pylon  
  61  6:39  Gateway, Photon Cannon  
  61  6:43  Photon Cannon  
  61  6:44  Photon Cannon  
  61  6:45  Pylon, Probe  
  61  6:46  Probe  
  63  6:56  Stalker  
  63  6:57  Nexus  
  63  6:58  Pylon  
  63  7:00  Pylon  
  65  7:01  Pylon  
  65  7:03  Pylon  
  65  7:05  Pylon  
  65  7:08  Stalker  
  67  7:15  Fleet Beacon  
  67  7:57  Stalker x4  
  67  7:58  Stalker x4  
  83  8:05  Immortal  
  87  8:08  Protoss Shields Level 1  
  87  8:13  Twilight Council  
  87  8:17  Pylon  
  87  8:24  Gateway x2  
  87  8:32  Probe x3  
  90  8:41  Stalker x2  
  90  8:42  Stalker  
  90  8:44  Immortal  
  100  8:48  Stalker  
  87  9:21  Stalker x4  
  87  9:22  Stalker x6  
  92  9:42  Carrier  
  98  9:48  Assimilator  
  98  9:49  Probe x3  
  98  9:52  Assimilator  
  101  10:01  Probe  
  98  10:48  Zealot  
  98  10:49  Zealot x7  
  110  10:50  Zealot x2  
Show
View Real Time Build Order
Export as new Build Order

ByeByeBye Zerg - Winner!

Build Orders: Pool First 

Get SALT Encoding   

  12  0:01  Drone  
  13  0:14  Overlord  
  13  0:19  Drone  
  14  0:38  Spawning Pool  
  14  0:39  Drone  
  14  0:47  Drone  
  16  0:50  Drone  
  16  0:52  Drone  
  17  1:04  Extractor, Drone  
  17  1:19  Drone  
  18  1:29  Zergling x2  
  19  1:38  Queen  
  21  1:41  Zergling x2  
  22  1:57  Overlord  
  22  2:04  Extractor  
  22  2:05  Zergling x2  
  22  2:08  Overlord  
  22  2:12  Metabolic Boost  
  22  2:40  Drone x3  
  26  2:51  Zergling x2  
  26  3:07  Hatchery, Roach Warren  
  26  3:11  Lair  
  24  3:19  Zergling x2  
  26  3:20  Zergling x4  
  27  3:38  Zergling x2  
  28  3:51  Drone x3  
  31  3:55  Overlord  
  31  4:09  Roach  
  33  4:14  Glial Reconstitution  
  33  4:18  Roach x3  
  39  4:25  Overseer  
  39  4:32  Drone x3  
  39  4:33  Queen  
  41  5:21  Roach  
  41  5:22  Roach x4  
  41  5:23  Overlord  
  44  5:56  Roach x6  
  50  6:01  Overlord x4  
  50  6:04  Drone x2  
  52  6:23  Infestation Pit  
  51  6:30  Drone x5  
  56  6:33  Drone  
  56  6:39  Drone x5  
  63  6:40  Drone  
  63  6:50  Overseer  
  63  6:51  Overseer  
  63  6:53  Overseer  
  63  7:05  Roach x4  
  71  7:18  Extractor  
  71  7:20  Extractor  
  71  7:21  Overlord x4  
  69  7:37  Overlord x3  
  69  7:38  Drone  
  69  7:39  Drone  
  71  7:46  Hatchery  
  70  8:00  Drone  
  70  8:01  Drone x9  
  80  8:23  Spore Crawler x2  
  80  8:24  Spore Crawler  
  77  8:37  Spire  
  76  8:41  Extractor  
  76  8:42  Extractor  
  76  8:48  Drone  
  75  8:49  Drone x5  
  75  8:51  Evolution Chamber  
  71  9:36  Roach  
  71  9:37  Roach x8  
Tags
 
Add a new tag
Caveats
  • Supply blocks, unpowered buildings, or Contaminate may cause inaccurate times.
  • Supply counts are checked every 10 seconds.